 Dungeon Crawl Stone Soup version 0.29-a0-322-g68df515428 (webtiles) character file.

Game seed: 18254902297537966775

702 bande the Chopper (level 7, -6/44 HPs)
             Began as a Gargoyle Fighter on Apr 6, 2022.
             Mangled by a wraith (10 damage)
             ... on level 5 of the Dungeon.
             The game lasted 00:05:39 (5536 turns).

bande the Chopper (Gargoyle Fighter)                Turns: 5536, Time: 00:05:40

Health: -6/44      AC: 14    Str: 19    XL:     7   Next: 66%
Magic:  7/7        EV:  7    Int:  9    God:
Gold:   194        SH: 10    Dex: 11    Spells: 6/6 levels left

rFire   . . .      SeeInvis .   a - +0 war axe
rCold   . . .      Faith    .   c - +0 buckler
rNeg    + . .      Spirit   .   m - +0 chain mail
rPois   ∞          Reflect  +   (no helmet)
rElec   +          Harm     .   (no cloak)
rCorr   .          Rampage  .   (no gloves)
Will    .....                   (no boots)
Stlth   ..........              h - amulet of reflection
HPRegen 0.14/turn               (no ring)
MPRegen 0.10/turn               (no ring)

@: slowed, very slow
A: sickness immunity, AC +4, negative energy resistance 1, electricity
resistance, torment resistance 1, petrification resistance
a: no special abilities


You were on level 5 of the Dungeon.
You visited 1 branch of the dungeon, and saw 5 of its levels.

You collected 194 gold pieces.

Inventory:

Hand Weapons
 a - a +0 war axe (weapon)
 e - a +4 flail
 k - a +0 war axe
Armour
 c - a +0 buckler (worn)
 m - a +0 chain mail (worn)
Jewellery
 b - a ring of fire
 h - an amulet of reflection (around neck)
 i - an amulet of magic regeneration
Scrolls
 l - a scroll of enchant armour {unknown}
 o - a scroll of identify
Potions
 d - 3 potions of might
 f - 3 potions of invisibility
 g - 3 potions of brilliance {unknown}
 j - a potion of haste
 n - a potion of degeneration {unknown}


   Skills:
 + Level 4.6 Fighting
 + Level 5.2 Axes
 + Level 5.1 Armour
 + Level 5.1 Shields


You had 6 spell levels left.
You didn't know any spells.
Your spell library contained the following spells:

 Spells                   Type           Power      Damage    Failure   Level
 Freeze                   Ice            0%         1d3       99%         1
 Blink                    Tloc           0%         N/A       100%        2
 Frozen Ramparts          Ice            0%         1d2       100%        3
 Gell's Gravitas          Tloc           0%         N/A       100%        3
 Lesser Beckoning         Tloc           0%         N/A       100%        3
 Teleport Other           Tloc           0%         N/A       100%        3
 Hailstorm                Conj/Ice       0%         3d3       100%        4
 Manifold Assault         Tloc           0%         N/A       100%        5


Dungeon Overview and Level Annotations

Branches:
Dungeon (5/15)
 Temple: D:4-7

Altars:


Innate Abilities, Weirdness & Mutations

You are immune to sickness and miasma.
Your stone body is resilient. (AC +4)
You are immune to poison.
You resist negative energy. (rN+)
You are resistant to electric shocks. (rElec)
You are resistant to unholy torment.
You are immune to petrification.


Message History

The sky beast barely misses you.
Unknown command.
You barely miss the sky beast.
The sky beast is heavily wounded.
You hit the wraith. The wraith hits you but does no damage.
The sky beast hits you. The sky beast shocks you. You resist.
The sky beast hits you but does no damage.
The wraith hits you!
* * * LOW HITPOINT WARNING * * *
You slash the sky beast!
The sky beast is almost dead.
You hit the wraith but do no damage. The wraith hits you!
* * * LOW HITPOINT WARNING * * *
The wraith drains your vigour!
You feel as though you will be slow longer.
The sky beast hits you but does no damage.
The sky beast flickers out of sight!
Deactivating autopickup; reactivate with Ctrl-A.
Something hits you but does no damage. You block the wraith's attack.
You closely miss something. You hit the wraith but do no damage.
The wraith hits you but does no damage.
A sky beast appears from thin air!
Reactivating autopickup.
The sky beast hits you but does no damage. x2
You block the wraith's attack.
Unknown command.
You hit the sky beast.
The sky beast is almost dead.
You slash the wraith! The wraith closely misses you.
You block the sky beast's attack. You block the wraith's attack.
The sky beast flickers out of sight!
Deactivating autopickup; reactivate with Ctrl-A.
Something hits you but does no damage.
You closely miss the wraith.
The wraith is severely damaged.
You barely miss something. The wraith hits you.
* * * LOW HITPOINT WARNING * * *
The wraith drains your vigour!
You feel as though you will be slow longer.
Something hits you but does no damage. x2; The wraith hits you!
You die...

#.# ..# .. .. #.#
##.###.###.## #.#
#.........). #.#
#..#.......# #.#
#..#....#..# #. #.#
#..#.#.##..#
#...##.####..#..#.#..##
#....{@........###...#.
#....W.......##.#.#....
#.#..........###.##.##.
############ ####.###
#.# # #.# # #.# # #.# #
#.# #


You could see a wraith.

Vanquished Creatures
  Sigmund (D:5)
  2 scorpions (D:4)
  A gnoll shaman (D:4)
  Jessica (D:2)
  3 iguanas (D:4)
  Natasha (thrice) (D:4)
  2 adders
  10 gnolls
  2 ufetubi (D:4)
  3 dart slugs
  15 orcs
  4 ball pythons
  3 bats
  10 endoplasms
  3 giant cockroaches
  5 goblins
  8 hobgoblins
  A jackal (D:4)
  5 kobolds
  4 quokkas
  3 frilled lizards (D:1)
  4 rats
93 creatures vanquished.

Notes
Turn   | Place    | Note
-------+----------+-------------------------------------------
     0 | D:1      | bande the Gargoyle Fighter began the quest for the Orb.
     0 | D:1      | Reached XP level 1. HP: 14/14 MP: 1/1
   212 | D:1      | Reached XP level 2. HP: 19/19 MP: 2/2
   509 | D:1      | Reached XP level 3. HP: 23/23 MP: 3/3
   579 | D:1      | Found a faded altar of an unknown god.
   744 | D:2      | Noticed Jessica
   749 | D:2      | Killed Jessica
   793 | D:2      | Reached XP level 4. HP: 21/29 MP: 4/4
  2069 | D:3      | Reached XP level 5. HP: 33/33 MP: 5/5
  2742 | D:3      | Identified the +2 ring mail of Divine Compulsion {Rampage
                  | Dex+2}
  3253 | D:4      | HP: 1/33 [iguana (3)]
  3259 | D:4      | Reached XP level 6. HP: 5/38 MP: 6/6
  3800 | D:4      | Noticed Natasha
  3819 | D:4      | Killed Natasha
  4097 | D:4      | Noticed Natasha
  4105 | D:4      | Killed Natasha
  4245 | D:4      | Noticed Natasha
  4254 | D:4      | Killed Natasha
  4395 | D:4      | Reached XP level 7. HP: 34/44 MP: 7/7
  4805 | D:5      | Entered Level 5 of the Dungeon
  4835 | D:5      | Noticed Sigmund
  5450 | D:5      | Killed Sigmund
  5451 | D:5      | Reached skill level 5 in Axes
  5451 | D:5      | Reached skill level 5 in Armour
  5451 | D:5      | Reached skill level 5 in Shields
  5524 | D:5      | Noticed a wraith
  5536 | D:5      | Mangled by a wraith

Illustrated notes

Levels and vault maps discovered:
D:1:      lightli_arrival_noodles, layout_rooms,
          hellmonk_ecumenical_altar_slurped_away, minmay_misc_feat_tiny
D:2:      layout_basic, uniq_jessica
D:3:      layout_loops_corners, hex_medium
D:4:      layout_gridville, minmay_misc_feat_more_columns, minmay_quantized,
          uniq_natasha
D:5:      layout_loops_ring, kennysheep_generic_room_9, uniq_sigmund,
          uniq_crazy_yiuf_cottage

Skill      XL: |  1  2  3  4  5  6  7 |
---------------+----------------------+-----
Axes           | 2 3 4 5 |  5.2
Armour         | 4 5 |  5.1
Fighting       | 4 |  4.6
Shields        | 4 5 |  5.1

Action                   |  1- 3 |  4- 6 |  7- 9 || total
-------------------------+-------+-------+-------++-------
Melee: War axe           |    49 |   214 |    60 ||   323
  Use: Scroll            |     2 |     3 |       ||     5
       Potion            |       |     2 |       ||     2
Armor: Scale mail        |    14 |    54 |       ||    68
       Chain mail        |       |    41 |    55 ||    96
Dodge: Dodged            |    13 |   100 |    31 ||   144
Block: Buckler           |    21 |   133 |    55 ||   209
       Reflection        |     1 |     1 |       ||     2

Table legend: (Time is in decaauts)
 A = Elapsed time spent in this place.
 B = Non-inter-level travel time spent in this place.
 C = Inter-level travel time spent in this place.
 D = Time resting spent in this place.
 E = Time spent auto-exploring this place.
 F = Levels seen in this place.
 G = Mean time per level.
                   A        B        C        D        E       F      G
               +--------+--------+--------+--------+--------+-----+--------+
         Total |   5673 |   5576 |     97 |   1387 |   3267 |   5 | 1134.6 |
       Dungeon |   5673 |   5576 |     97 |   1387 |   3267 |   5 | 1134.6 |
               +--------+--------+--------+--------+--------+-----+--------+

Top non-repeatable levels by time:
     D:4: 2253 daAuts
     D:3: 1212 daAuts
     D:1: 1129 daAuts
     D:2: 900 daAuts
     D:5: 177 daAuts
